Workbook

Sheet 教務處(教學組)
A1: 處室：教務處
A2: 請於115年11月6日（五）中午前送主計室
A4: 國立臺南一中 117 年度自籌收入及支出預算分配明細表
A5: 教學成本510301
A6: 項目名稱：117年度重補修 | L6: 單位：新台幣千元
B7: 合計 | C7: 1月 | D7: 2月 | E7: 3月 | F7: 4月 | G7: 5月 | H7: 6月 | I7: 7月 | J7: 8月 | K7: 9月 | L7: 10月 | M7: 11月 | N7: 12月
A8: 收入分配數 | B8: =SUM(C8:N8) -> 0
A9: 支出分配數 | B9: =SUM(C9:N9) -> 0 | C9: =C17 -> 0 | D9: =D17 -> 0 | E9: =E17 -> 0 | F9: =F17 -> 0 | G9: =G17 -> 0 | H9: =H17 -> 0 | I9: =I17 -> 0 | J9: =J17 -> 0 | ... N9: =N17 -> 0
A11: 支出明細 | B11: 合計 | C11: 1月 | D11: 2月 | E11: 3月 | F11: 4月 | G11: 5月 | H11: 6月 | I11: 7月 | J11: 8月 | K11: 9月 | L11: 10月 | M11: 11月 | N11: 12月
A12: 鐘點費、補充保費 | B12: =SUM(C12:N12) -> 0
A13: 印刷費 | B13: =SUM(C13:N13) -> 0
A14: 辦公用品(文具、紙張、碳粉) | B14: =SUM(C14:N14) -> 0
A15: 非消耗品 | B15: =SUM(C15:N15) -> 0
A16: 雜支 | B16: =SUM(C16:N16) -> 0
A17: 合計 | B17: =SUM(B12:B16) -> 0 | C17: =SUM(C12:C16) -> 0 | D17: =SUM(D12:D16) -> 0 | E17: =SUM(E12:E16) -> 0 | F17: =SUM(F12:F16) -> 0 | G17: =SUM(G12:G16) -> 0 | H17: =SUM(H12:H16) -> 0 | I17: =SUM(I12:I16) -> 0 | ... N17: =SUM(N12:N16) -> 0
A18: 填表說明： | B18: 1.單位為新台幣千元。
B19: 2.請填列收入各月分配數、支出各月分配數。
B20: 3.請核實估列，收入分配月份請填列於1月及7月。
A22: 填表人： | E22: 單位主管：

Sheet 教務處(教學組2)
A1: 處室：教務處
A2: ='教務處(教學組)'!A2:E2 -> 請於115年11月6日（五）中午前送主計室
A4: ='教務處(教學組)'!A4:M4 -> 國立臺南一中 117 年度自籌收入及支出預算分配明細表
A5: ='教務處(教學組)'!A5 -> 教學成本510301
A6: 項目名稱：117年度課業輔導費 | M6: 單位：新台幣千元
C7: 合計 | D7: 1月 | E7: 2月 | F7: 3月 | G7: 4月 | H7: 5月 | I7: 6月 | J7: 7月 | K7: 8月 | L7: 9月 | M7: 10月 | N7: 11月 | O7: 12月
A8: 收入分配數 | C8: =SUM(D8:O8) -> 0
A9: 支出分配數 | C9: =SUM(D9:O9) -> 124 | D9: =D17 -> 10 | E9: =E17 -> 11 | F9: =F17 -> 10 | G9: =G17 -> 10 | H9: =H17 -> 11 | I9: =I17 -> 10 | J9: =J17 -> 10 | K9: =K17 -> 10 | ... O9: =O17 -> 11
A11: 支出明細 | C11: 合計 | D11: 1月 | E11: 2月 | F11: 3月 | G11: 4月 | H11: 5月 | I11: 6月 | J11: 7月 | K11: 8月 | L11: 9月 | M11: 10月 | N11: 11月 | O11: 12月
A12: 鐘點費、補充保費 | C12: =SUM(D12:O12) -> 0
A13: 行政管理費(10%) | B13: 電費分攤 | C13: =SUM(D13:O13) -> 0
A14: 行政管理費(2%) | B14: 設備維修 | C14: =SUM(D14:O14) -> 0
B15: 禮物卡 | C15: =SUM(D15:O15) -> 0
A16: 行政管理費(3%) | B16: 加班費 | C16: =SUM(D16:O16) -> 124 | D16: 10 | E16: 11 | F16: 10 | G16: 10 | H16: 11 | I16: 10 | J16: 10 | K16: 10 | L16: 11 | M16: 10 | N16: 10 | O16: 11
A17: 合計 | C17: =SUM(C12:C16) -> 124 | D17: =SUM(D12:D16) -> 10 | E17: =SUM(E12:E16) -> 11 | F17: =SUM(F12:F16) -> 10 | G17: =SUM(G12:G16) -> 10 | H17: =SUM(H12:H16) -> 11 | I17: =SUM(I12:I16) -> 10 | J17: =SUM(J12:J16) -> 10 | ... O17: =SUM(O12:O16) -> 11
A18: 填表說明： | B18: 1.單位為新台幣千元。
B19: 2.請填列收入各月分配數、支出各月分配數。
B20: 3.請核實估列，收入分配月份請填列於3月及9月。
B21: 4.加班費124千元為行政院核定數，請勿更動。
A23: 填表人： | F23: 單位主管：

Sheet 教務處(設備組)
A1: 處室：教務處
A2: ='教務處(教學組)'!A2:E2 -> 請於115年11月6日（五）中午前送主計室
A4: ='教務處(教學組)'!A4:M4 -> 國立臺南一中 117 年度自籌收入及支出預算分配明細表
A5: ='教務處(教學組)'!A5 -> 教學成本510301
A6: 項目名稱：117年度實習實驗費 | L6: 單位：新台幣千元
B7: 合計 | C7: 1月 | D7: 2月 | E7: 3月 | F7: 4月 | G7: 5月 | H7: 6月 | I7: 7月 | J7: 8月 | K7: 9月 | L7: 10月 | M7: 11月 | N7: 12月
A8: 收入分配數 | B8: =SUM(C8:N8) -> 0
A9: 支出分配數 | B9: =SUM(C9:N9) -> 0 | C9: =C18 -> 0 | D9: =D18 -> 0 | E9: =E18 -> 0 | F9: =F18 -> 0 | G9: =G18 -> 0 | H9: =H18 -> 0 | I9: =I18 -> 0 | J9: =J18 -> 0 | ... N9: =N18 -> 0
A11: 支出明細 | B11: 合計 | C11: 1月 | D11: 2月 | E11: 3月 | F11: 4月 | G11: 5月 | H11: 6月 | I11: 7月 | J11: 8月 | K11: 9月 | L11: 10月 | M11: 11月 | N11: 12月
A12: 實驗耗材 | B12: =SUM(C12:N12) -> 0
A13: 廢水設備保養 | B13: =SUM(C13:N13) -> 0
A14: 雜支 | B14: =SUM(C14:N14) -> 0
A15: 非消耗品 | B15: =SUM(C15:N15) -> 0
A16: 什項設備維修 | B16: =SUM(C16:N16) -> 0
A17: 電費分攤(30%) | B17: =SUM(C17:N17) -> 0
A18: 合計 | B18: =SUM(B12:B17) -> 0 | C18: =SUM(C12:C17) -> 0 | D18: =SUM(D12:D17) -> 0 | E18: =SUM(E12:E17) -> 0 | F18: =SUM(F12:F17) -> 0 | G18: =SUM(G12:G17) -> 0 | H18: =SUM(H12:H17) -> 0 | I18: =SUM(I12:I17) -> 0 | ... N18: =SUM(N12:N17) -> 0
A19: 填表說明： | B19: 1.單位為新台幣千元。
B20: 2.請填列收入各月分配數、支出各月分配數。
B21: 3.請核實估列，收入分配月份請填列於3月及9月。
A23: 填表人： | E23: 單位主管：

Sheet 科學班
A1: 處室：科學班
A2: ='教務處(教學組)'!A2:E2 -> 請於115年11月6日（五）中午前送主計室
A4: ='教務處(教學組)'!A4:M4 -> 國立臺南一中 117 年度自籌收入及支出預算分配明細表
A5: ='教務處(教學組)'!A5 -> 教學成本510301
A6: 項目名稱：117年度科學班甄選報名費 | L6: 單位：新台幣千元
B7: 合計 | C7: 1月 | D7: 2月 | E7: 3月 | F7: 4月 | G7: 5月 | H7: 6月 | I7: 7月 | J7: 8月 | K7: 9月 | L7: 10月 | M7: 11月 | N7: 12月
A8: 收入分配數 | B8: =SUM(C8:N8) -> 0
A9: 支出分配數 | B9: =SUM(C9:N9) -> 0 | C9: =C15 -> 0 | D9: =D15 -> 0 | E9: =E15 -> 0 | F9: =F15 -> 0 | G9: =G15 -> 0 | H9: =H15 -> 0 | I9: =I15 -> 0 | J9: =J15 -> 0 | ... N9: =N15 -> 0
A11: 支出明細 | B11: 合計 | C11: 1月 | D11: 2月 | E11: 3月 | F11: 4月 | G11: 5月 | H11: 6月 | I11: 7月 | J11: 8月 | K11: 9月 | L11: 10月 | M11: 11月 | N11: 12月
A12: 試務工作費 | B12: =SUM(C12:N12) -> 0
A13: 膳費 | B13: =SUM(C13:N13) -> 0
A14: 水電分攤(20%) | B14: =SUM(C14:N14) -> 0
A15: 合計 | B15: =SUM(B12:B14) -> 0 | C15: =SUM(C12:C14) -> 0 | D15: =SUM(D12:D14) -> 0 | E15: =SUM(E12:E14) -> 0 | F15: =SUM(F12:F14) -> 0 | G15: =SUM(G12:G14) -> 0 | H15: =SUM(H12:H14) -> 0 | I15: =SUM(I12:I14) -> 0 | ... N15: =SUM(N12:N14) -> 0
A16: 填表說明： | B16: 1.單位為新台幣千元。
B17: 2.請填列收入各月分配數、支出各月分配數。
B18: 3.請核實估列，分配月份請參考去年度實際資料。
A20: 填表人： | E20: 單位主管：

Sheet 學務處
A1: 處室：學務處
A2: ='教務處(教學組)'!A2:E2 -> 請於115年11月6日（五）中午前送主計室
A4: ='教務處(教學組)'!A4:M4 -> 國立臺南一中 117 年度自籌收入及支出預算分配明細表
A5: 其他業務外收入-資產使用及權利金收入420204
A6: 項目名稱：117年度學生住宿收入 | L6: 單位：新台幣千元
B7: 合計 | C7: 1月 | D7: 2月 | E7: 3月 | F7: 4月 | G7: 5月 | H7: 6月 | I7: 7月 | J7: 8月 | K7: 9月 | L7: 10月 | M7: 11月 | N7: 12月
A8: 收入分配數 | B8: =SUM(C8:N8) -> 0
A9: 合計 | B9: =SUM(B8:B8) -> 0 | C9: =SUM(C8:C8) -> 0 | D9: =SUM(D8:D8) -> 0 | E9: =SUM(E8:E8) -> 0 | F9: =SUM(F8:F8) -> 0 | G9: =SUM(G8:G8) -> 0 | H9: =SUM(H8:H8) -> 0 | I9: =SUM(I8:I8) -> 0 | ... N9: =SUM(N8:N8) -> 0
A10: 填表說明： | B10: 1.單位為新台幣千元。
B11: 2.請核實估列，分配月份請填列於3月及9月。
A13: 填表人： | E13: 單位主管：

Sheet 圖書館
A1: 處室：圖書館
A2: ='教務處(教學組)'!A2:E2 -> 請於115年11月6日（五）中午前送主計室
A4: ='教務處(教學組)'!A4:M4 -> 國立臺南一中 117 年度自籌收入及支出預算分配明細表
A5: ='教務處(教學組)'!A5 -> 教學成本510301
A6: 項目名稱：117年度電腦使用費 | L6: 單位：新台幣千元
B7: 合計 | C7: 1月 | D7: 2月 | E7: 3月 | F7: 4月 | G7: 5月 | H7: 6月 | I7: 7月 | J7: 8月 | K7: 9月 | L7: 10月 | M7: 11月 | N7: 12月
A8: 收入分配數 | B8: =SUM(C8:N8) -> 0
A9: 支出分配數 | B9: =SUM(C9:N9) -> 0 | C9: =C18 -> 0 | D9: =D18 -> 0 | E9: =E18 -> 0 | F9: =F18 -> 0 | G9: =G18 -> 0 | H9: =H18 -> 0 | I9: =I18 -> 0 | J9: =J18 -> 0 | ... N9: =N18 -> 0
A11: 支出明細 | B11: 合計 | C11: 1月 | D11: 2月 | E11: 3月 | F11: 4月 | G11: 5月 | H11: 6月 | I11: 7月 | J11: 8月 | K11: 9月 | L11: 10月 | M11: 11月 | N11: 12月
A12: 防毒軟體授權 | B12: =SUM(C12:N12) -> 0
A13: 微軟授權 | B13: =SUM(C13:N13) -> 0
A14: 非消耗品 | B14: =SUM(C14:N14) -> 0
A15: 雜支 | B15: =SUM(C15:N15) -> 0
A16: 設備維修費 | B16: =SUM(C16:N16) -> 0
A17: 水電分攤(20%) | B17: =SUM(C17:N17) -> 0
A18: 合計 | B18: =SUM(B12:B17) -> 0 | C18: =SUM(C12:C17) -> 0 | D18: =SUM(D12:D17) -> 0 | E18: =SUM(E12:E17) -> 0 | F18: =SUM(F12:F17) -> 0 | G18: =SUM(G12:G17) -> 0 | H18: =SUM(H12:H17) -> 0 | I18: =SUM(I12:I17) -> 0 | ... N18: =SUM(N12:N17) -> 0
A19: 填表說明： | B19: 1.單位為新台幣千元。
B20: 2.請填列收入各月分配數、支出各月分配數。
B21: 3.請核實估列，收入分配月份請填列於3月及9月。
A23: 填表人： | E23: 單位主管：

Sheet 人事室
A1: 處室：人事室
A2: ='教務處(教學組)'!A2:E2 -> 請於115年11月6日（五）中午前送主計室
A4: ='教務處(教學組)'!A4:M4 -> 國立臺南一中 117 年度自籌收入及支出預算分配明細表
A5: 其他業務費用519898
A6: 項目名稱：117年度教師甄選 | L6: 單位：新台幣千元
B7: 合計 | C7: 1月 | D7: 2月 | E7: 3月 | F7: 4月 | G7: 5月 | H7: 6月 | I7: 7月 | J7: 8月 | K7: 9月 | L7: 10月 | M7: 11月 | N7: 12月
A8: 收入分配數 | B8: =SUM(C8:N8) -> 0
A9: 支出分配數 | B9: =SUM(C9:N9) -> 0 | C9: =C15 -> 0 | D9: =D15 -> 0 | E9: =E15 -> 0 | F9: =F15 -> 0 | G9: =G15 -> 0 | H9: =H15 -> 0 | I9: =I15 -> 0 | J9: =J15 -> 0 | ... N9: =N15 -> 0
A11: 支出明細 | B11: 合計 | C11: 1月 | D11: 2月 | E11: 3月 | F11: 4月 | G11: 5月 | H11: 6月 | I11: 7月 | J11: 8月 | K11: 9月 | L11: 10月 | M11: 11月 | N11: 12月
A12: 酬勞費 | B12: =SUM(C12:N12) -> 0
A13: 軟體使用費 | B13: =SUM(C13:N13) -> 0
A14: 膳費 | B14: =SUM(C14:N14) -> 0
A15: 合計 | B15: =SUM(B12:B14) -> 0 | C15: =SUM(C12:C14) -> 0 | D15: =SUM(D12:D14) -> 0 | E15: =SUM(E12:E14) -> 0 | F15: =SUM(F12:F14) -> 0 | G15: =SUM(G12:G14) -> 0 | H15: =SUM(H12:H14) -> 0 | I15: =SUM(I12:I14) -> 0 | ... N15: =SUM(N12:N14) -> 0
A16: 填表說明： | B16: 1.單位為新台幣千元。
B17: 2.請填列收入各月分配數、支出各月分配數。
A19: 填表人： | E19: 單位主管：

Sheet 總務處
A1: 處室：總務處
A2: ='教務處(教學組)'!A2:E2 -> 請於115年11月6日（五）中午前送主計室
A4: ='教務處(教學組)'!A4:M4 -> 國立臺南一中 117 年度自籌收入及支出預算分配明細表
A5: 其他業務外收入-資產使用及權利金收入 420204
A6: 項目名稱：117年度資產使用及權利金 | L6: 單位：新台幣千元
B7: 合計 | C7: 1月 | D7: 2月 | E7: 3月 | F7: 4月 | G7: 5月 | H7: 6月 | I7: 7月 | J7: 8月 | K7: 9月 | L7: 10月 | M7: 11月 | N7: 12月
A8: 游泳池 | B8: =SUM(C8:N8) -> 0
A9: 紅蕃茄 | B9: =SUM(C9:N9) -> 0
A10: 太陽光電(大同) | B10: =SUM(C10:N10) -> 0
A11: 太陽光電(諾亞) | B11: =SUM(C11:N11) -> 0
A12: 體育館 | B12: =SUM(C12:N12) -> 0
A13: 展示廳 | B13: =SUM(C13:N13) -> 0
A14: 場地租金 | B14: =SUM(C14:N14) -> 0
A15: 販賣機 | B15: =SUM(C15:N15) -> 0
A16: 合計 | B16: =SUM(B8:B15) -> 0 | C16: =SUM(C8:C15) -> 0 | D16: =SUM(D8:D15) -> 0 | E16: =SUM(E8:E15) -> 0 | F16: =SUM(F8:F15) -> 0 | G16: =SUM(G8:G15) -> 0 | H16: =SUM(H8:H15) -> 0 | I16: =SUM(I8:I15) -> 0 | ... N16: =SUM(N8:N15) -> 0
A17: 填表說明： | B17: 1.單位為新台幣千元。
B18: 2.請核實估列，分配請依照合約繳款月份。
A20: 填表人： | E20: 單位主管：

Sheet 總務處 (2)
A1: 處室：總務處
A2: ='教務處(教學組)'!A2:E2 -> 請於115年11月6日（五）中午前送主計室
A4: ='教務處(教學組)'!A4:M4 -> 國立臺南一中 117 年度自籌收入及支出預算分配明細表
A5: 其他業務外收入-雜項收入 420298
A6: 項目名稱：117年度出售廢舊物資 | L6: 單位：新台幣千元
B7: 合計 | C7: 1月 | D7: 2月 | E7: 3月 | F7: 4月 | G7: 5月 | H7: 6月 | I7: 7月 | J7: 8月 | K7: 9月 | L7: 10月 | M7: 11月 | N7: 12月
A8: 收入分配數 | B8: =SUM(C8:N8) -> 0
A9: 合計 | B9: =SUM(B8:B8) -> 0 | C9: =SUM(C8:C8) -> 0 | D9: =SUM(D8:D8) -> 0 | E9: =SUM(E8:E8) -> 0 | F9: =SUM(F8:F8) -> 0 | G9: =SUM(G8:G8) -> 0 | H9: =SUM(H8:H8) -> 0 | I9: =SUM(I8:I8) -> 0 | ... N9: =SUM(N8:N8) -> 0
A10: 填表說明： | B10: 1.單位為新台幣千元。
B11: 2.請核實估列。
A13: 填表人： | E13: 單位主管：

Sheet 總務處 (3)
A1: 處室：總務處
A2: ='教務處(教學組)'!A2:E2 -> 請於115年11月6日（五）中午前送主計室
A4: ='教務處(教學組)'!A4:M4 -> 國立臺南一中 117 年度自籌收入及支出預算分配明細表
A5: 其他業務外收入-雜項收入 420298
A6: 項目名稱：117年度補發證書收入 | L6: 單位：新台幣千元
B7: 合計 | C7: 1月 | D7: 2月 | E7: 3月 | F7: 4月 | G7: 5月 | H7: 6月 | I7: 7月 | J7: 8月 | K7: 9月 | L7: 10月 | M7: 11月 | N7: 12月
A8: 收入 | B8: =SUM(C8:N8) -> 0
A9: 合計 | B9: =SUM(B8:B8) -> 0 | C9: =SUM(C8:C8) -> 0 | D9: =SUM(D8:D8) -> 0 | E9: =SUM(E8:E8) -> 0 | F9: =SUM(F8:F8) -> 0 | G9: =SUM(G8:G8) -> 0 | H9: =SUM(H8:H8) -> 0 | I9: =SUM(I8:I8) -> 0 | ... N9: =SUM(N8:N8) -> 0
A10: 填表說明： | B10: 1.單位為新台幣千元。
B11: 2.請核實估列。
A14: 填表人： | E14: 單位主管：
